 Dungeon Crawl Stone Soup version 0.21.1 (webtiles) character file.

116176 Yawgmoth the Cruncher (level 16, -2/148 HPs)
             Began as a Naga Wizard on Feb 4, 2018.
             Was a High Priest of Vehumet.
             Slain by a rakshasa
             ... wielding a cursed +0 long sword
              (13 damage)
             ... on level 3 of the Abyss.
             The game lasted 03:58:08 (42466 turns).

Yawgmoth the Cruncher (Naga Wizard)                Turns: 42466, Time: 03:58:09

Health: -2/148     AC: 14    Str: 10    XL:     16   Next: 70%
Magic:  10/32      EV: 10    Int: 31    God:    Vehumet [*****.]
Gold:   67         SH:  0    Dex: 10    Spells: 0/40 levels left

rFire    + . .     SeeInvis +   E - +8 quarterstaff (chaos)
rCold    + . .     Gourm    +   (shield currently unavailable)
rNeg     . . .     Faith    .   x - +2 robe {rC+ rF+}
rPois    +         Spirit   .   m - +0 helmet
rElec    .         Reflect  .   G - +1 cloak
rCorr    .         Harm     .   M - +2 pair of gloves {archery}
MR       ++...                  (no barding)
Stlth    +.........             L - amulet of the gourmand {Gourm, !d}
HPRegen  0.34/turn              q - +6 ring of intelligence
MPRegen  0.23/turn              Y - ring of wizardry {Wiz+, !d}

@: confused, lethally poisoned (-2 -> -2), about to teleport, very slow
A: large, see invisible, deformed body, poison resistance, slowness 2, slow
metabolism 1, spit poison 1, constrict 1, AC +5
a: Spit Poison, Renounce Religion


You were on level 3 of the Abyss.
You worshipped Vehumet.
Vehumet was extremely pleased with you.
You were not hungry.

You visited 6 branches of the dungeon, and saw 26 of its levels.
You visited the Abyss 1 time.
You also visited: Volcano.

You collected 2890 gold pieces.
You spent 2823 gold pieces at shops.

Inventory:

Hand Weapons
 E - a +8 quarterstaff of chaos (weapon)
   (You took it off Crazy Yiuf on level 5 of the Dungeon)
 S - the +11 quarterstaff "Killer Klown's Foe" {crush, rC++ Dex+3 SInv}
   (You found it on level 8 of the Dungeon)

   It inflicts extra damage upon your enemies.
   It affects your dexterity (+3).
   It greatly protects you from cold.
   It lets you see invisible.
Missiles
 l - 3 throwing nets {=f, !d}
Armour
 m - a +0 helmet (worn)
   (You found it in a volcano)
 x - a +2 robe of resistance (worn)
   (You took it off Pikel on level 5 of the Dungeon)
 G - a +1 cloak (worn)
   (You took it off Crazy Yiuf on level 5 of the Dungeon)
 M - a +2 pair of gloves of archery (worn)
   (You found it on level 14 of the Dungeon)
Magical Staves
 c - an uncursed staff of power {MP+17, !a}
   (You found it on level 11 of the Dungeon)
Jewellery
 q - a +6 ring of intelligence (left hand)
   (You bought it in a shop on level 2 of the Orcish Mines)
 z - an uncursed ring of resist corrosion
   (You found it on level 6 of the Lair of Beasts)
 L - an amulet of the gourmand (around neck) {Gourm, !d}
   (You found it on level 13 of the Dungeon)
 Y - a ring of wizardry (right hand) {Wiz+, !d}
   (You took it off an orc on level 8 of the Dungeon)
Wands
 y - a wand of digging (38)
   (You took it off Pikel on level 5 of the Dungeon)
Scrolls
 a - a scroll of identify
 f - a scroll of magic mapping {!r}
 g - a scroll of immolation {!r}
 p - 15 scrolls of remove curse
Potions
 e - 2 potions of brilliance
 s - 2 potions of haste
 H - 4 potions of flight
Miscellaneous
 o - a lightning rod (4/4)
   (You found it on level 3 of the Lair of Beasts)
Comestibles
 d - 36 rations


   Skills:
 - Level 10.6 Fighting
 - Level 14.0 Staves
 - Level 2.3 Dodging
 - Level 3.5 Stealth
   Level 2.7 Shields
 + Level 12.7 Spellcasting
 + Level 13.3 Conjurations
 - Level 1.0 Summonings
 - Level 1.0 Translocations
 + Level 11.6 Fire Magic
 - Level 7.4 Earth Magic


You couldn't memorise any spells.
You knew the following spells:

 Your Spells              Type           Power        Failure   Level  Hunger
a - Fire Storm            Conj/Fire      #######...   65%         9    #######
b - Blink                 Tloc           N/A          1%          2    None
c - Iron Shot             Conj/Erth      ######....   1%          6    ####...
d - Stone Arrow           Conj/Erth      ######       1%          3    None
e - Orb of Destruction    Conj           #######...   1%          7    ######.
f - Fireball              Conj/Fire      #######...   1%          5    #......
w - Passwall              Tmut/Erth      #####.....   1%          2    None
z - Lee's Rapid Deconstr  Erth           ######....   1%          5    #......
B - Summon Butterflies    Summ           ####....     1%          1    None


Dungeon Overview and Level Annotations

Branches:
Dungeon (15/15)            Temple (1/1) D:7            Lair (6/6) D:10
  Swamp (1/4) Lair:4       Spider (0/4) Lair:4        Slime (0/5) Lair:5
    Orc (2/2) D:9             Elf (1/3) Orc:2        Vaults (0/5) D:13
 Depths (0/5) D:15

Altars:
Ashenzari
Cheibriados
Dithmenos
Elyvilon
Fedhas
Gozag
Hepliaklqana
Kikubaaqudgha
Makhleb
Nemelex Xobeh
Okawaru
Qazlal
Ru
Sif Muna
Trog
Uskayaw
Vehumet
Wu Jian
Xom
Yredelemnul
Zin
The Shining One
Beogh

Shops:
D:3 *   D:4 :   D:7 *   D:8 %   D:13 =   Orc:2 !%=!%

Portals:
Trove: D:15 (give 2 scrolls of acquirement)

Annotations:
Swamp:1 Louise


Innate Abilities, Weirdness & Mutations

You cannot wear boots.
Your serpentine skin is tough. (AC +5)
You have supernaturally acute eyesight. (SInv)
Armour fits poorly on your strangely shaped body.
Your system is resistant to poisons. (rPois)
You cover ground very slowly.
You have a slow metabolism.
You can spit poison.
You can use your snake-like lower body to constrict enemies.


Message History

The sting hits you!
You are poisoned.
You resist.
Unknown command.
You feel sick.
You take 1 damage, and have 106/148 hp.
You feel sick.
You feel sick.
You take 1 damage, and have 105/148 hp.
Louise gestures at you while chanting.
You easily resist.
You feel sick.
You take 1 damage, and have 105/148 hp.
Louise gestures at you while chanting.
You are cast into the Abyss!
To return, you must find a gate leading back.
Killing monsters will force the Abyss to allow you passage.
This branch contains the abyssal rune of Zot.
A deep elf blademaster, a water elemental, a rakshasa, a satyr, a water nymph and a worldbinder come into view.
As you read the scroll of teleportation, it crumbles to dust.
You feel strangely unstable.
You feel the power of the Abyss delaying your translocation!
The satyr shouts!
The water nymph shouts!
The deep elf blademaster shouts!
You hear a shout!
A water elemental comes into view.
You feel sick.
The satyr plays a frightful melody on his pipes!
The satyr radiates an aura of fear!
You are terrified of the satyr!
Splash!
You fall into the shallow water.
Moving in this stuff is going to be slow.
You take 1 damage, and have 105/148 hp.
A water nymph comes into view.
You are no longer terrified.
The water nymph shouts!
The water elemental hits you.
The water elemental engulfs you in water!
The worldbinder calls forth creatures from the Orcish Mines!
The water nymph moves out of view.
The water elemental closely misses you.
A thorn hunter and a worldbinder come into view.
With effort, you pull free of the water engulfing you.
You gasp with relief as air once again reaches your lungs.
You feel sick. The thorn hunter barely misses you. The thorn hunter hits you.
The worldbinder calls forth creatures from the Orcish Mines!
The worldbinder hits you but does no damage.
The worldbinder closely misses you.
The thorn hunter fires a volley of thorns at you.
The volley of thorns hits you!
The worldbinder hits you but does no damage. x2
You take 31 damage, and have 75/148 hp.
MASSIVE DAMAGE!!
Okay, then.
Unknown command.
Unknown command.
You blink.
A worldbinder comes into view.
The worldbinder calls forth creatures from the Spider Nest!
The satyr unwields an uncursed quarterstaff.
The satyr wields an uncursed longbow.
The satyr shoots an arrow.
The arrow barely misses you.
You now have 4/32 mp.
A rakshasa comes into view. It is wielding a long sword.
The worldbinder calls forth creatures from the Spider Nest!
The water nymph flows with the water.
The satyr shoots an arrow.
The arrow hits you!! The water elemental hits you.
The water elemental engulfs you in water!
You see here an arrow.
You take 22 damage, and have 54/148 hp.
With effort, you pull free of the water engulfing you.
You gasp with relief as air once again reaches your lungs.
You feel sick.
The jumping spider leaps!
The worldbinder calls forth creatures from the Spider Nest!
The rakshasa barely misses you. The water nymph barely misses you.
Splash!
You fall into the shallow water.
Moving in this stuff is going to be slow.
The jumping spider leaps!
The rakshasa hits you with a long sword!!
* * * LOW HITPOINT WARNING * * *
The water nymph points at you and mumbles some strange words.
The water swirls and strikes you!
* * * LOW HITPOINT WARNING * * *
The jumping spider leaps!
The water nymph gestures at you while chanting.
The water swirls and strikes you!
* * * LOW HITPOINT WARNING * * *
You take 42 damage, and have 12/148 hp.
MASSIVE DAMAGE!!
Okay, then.
Unknown command.
You are confused.
You feel invigorated.
The orc priest disappears in a puff of smoke!
The worldbinder calls forth creatures from the Orcish Mines!
The jumping spider leaps!
The tarantella bites you.
* * * LOW HITPOINT WARNING * * *
You are more confused.
The rakshasa hits you with a long sword!
You die...

.. § ## ..
..≈ #.#.. ≈
.. #.s. .##
## ≈. #.s§♣s#
#.♣≈ .§x♣≈#
#≈♣≈
♣mR##+##≈≈♣
♣≈@sfxsm.≈♣ .
♣.♣♣ceE♣♣.♣
... .≈♣
♣♣Rx♣≈♣≈..#.
#..≈ ≈o≈§≈
.#. #≈.
♣.≈≈♣o.♣.....
#≈. ≈≈
♣♣♣≈≈♣.....
.. ....
o...≈.≈≈..
#....#.
...♣♣♣..♣#. ♣
. .♣♣. ..#


You could see a deep elf blademaster, a thorn hunter, 2 rakshasas, a satyr, a
water elemental, 2 water nymphs, 3 worldbinders, 3 jumping spiders, 2
tarantellas and 2 orc priests.

Vanquished Creatures
  Kirke (Lair:5)
  Donald (Orc:2)
  A deep elf elementalist (Elf:1)
  A vampire knight (D:14)
  A stone giant (Volcano)
  The ghost of Stelteck the Archer, a journeyman CeHu of Okawaru (Orc:2)
  Snorg (Orc:2)
  An ettin (Orc:1)
  2 fire dragons (Lair:6)
  Josephine (Orc:1)
  Fannar (Orc:1)
  A vault guard (D:13)
  12 hydras
  Harold (Orc:1)
  2 centaur warriors
  5 two-headed ogres
  A dancing weapon (Orc:2)
  12 death yaks
  5 orc high priests (Orc:2)
  Urug (Lair:2)
  A deep elf knight (Elf:1)
  8 hell knights (D:15)
  A swamp dragon (Lair:6)
  An unseen horror (D:10)
  Pikel (D:5)
  14 orc knights
  A wolf spider zombie (D:15)
  A lindwurm (Lair:6)
  6 ugly things
  4 deep elf magi
  An orb spider (Lair:4)
  4 cyclopes
  2 orc sorcerers (Orc:1)
  A manticore (D:15)
  10 elephants
  An elephant (shapeshifter) (D:15)
  3 black mambas
  12 spiny frogs
  7 torpor snails
  A spiny frog (shapeshifter) (D:15)
  Psyche (D:10)
  2 molten gargoyles (Volcano)
  5 gargoyles
  4 rime drakes
  10 komodo dragons
  An efreet (Volcano)
  A tengu conjurer (D:14)
  A polar bear (Lair:6)
  3 trolls
  7 tyrant leeches
  8 hornets
  3 blink frogs (Lair:5)
  9 dream sheep
  2 bog bodies (Swamp:1)
  10 slime creatures
  10 hippogriffs
  A centaur simulacrum (D:14)
  Sigmund (D:4)
  53 yaks
  A shadow (D:12)
  3 wraiths (Orc:1)
  A wyvern (D:13)
  2 fire bats (Volcano)
  2 fire elementals (Volcano)
  3 water elementals
  2 hogs (Lair:5)
  2 hungry ghosts
  4 vampire mosquitoes (D:15)
  2 basilisks
  3 steam dragons
  2 wargs
  6 insubstantial wisps (Swamp:1)
  A swamp worm (shapeshifter) (D:14)
  7 hell hounds (D:15)
  15 water moccasins
  2 acid dragons (Lair:6)
  Duvessa (D:5)
  12 porcupines
  2 swamp drakes
  40 orc warriors
  A black bear (D:9)
  2 sky beasts
  4 ice beasts
  4 phantoms
  A necrophage (D:9)
  An eye of draining (D:10)
  10 ogres
  10 centaurs
  13 wolves
  16 crocodiles
  A wyvern zombie (D:11)
  5 big kobolds
  2 earth elementals
  23 bullfrogs
  A gnoll sergeant (D:8)
  A wyvern skeleton (D:11)
  Dowan (D:5)
  12 scorpions
  10 killer bees
  21 wights
  2 howler monkeys
  5 electric eels
  4 crimson imps
  2 centaur zombies
  3 lava snakes (Volcano)
  A bullfrog zombie (D:12)
  A quasit (D:14)
  4 jellies
  33 orc priests
  4 hounds
  A hound (shapeshifter) (D:6)
  A wyvern simulacrum (D:14)
  5 bullfrog skeletons
  A centaur skeleton (D:11)
  27 orc wizards
  Crazy Yiuf (D:5)
  Natasha (twice) (D:2 D:1)
  8 iguanas
  6 worker ants
  3 hound zombies
  A worker ant zombie (D:9)
  3 gnolls (D:8)
  A howler monkey skeleton (D:4)
  12 adders
  3 shadow imps
  An ooze (D:7)
  An adder skeleton (D:9)
  5 worms
  4 dart slugs
  6 leopard geckos
  113 orcs
  14 bats
  5 giant cockroaches
  9 goblins
  9 hobgoblins
  16 jackals
  11 kobolds
  5 quokkas
  2 ball pythons (D:2)
  7 frilled lizards
  A giant cockroach zombie (D:6)
  A jackal skeleton (D:4)
  A quokka skeleton (D:9)
  A quokka zombie (D:7)
  7 rats
  A bush (Lair:2)
  2 fungi (Lair:2)
  4 plants
876 creatures vanquished.

Vanquished Creatures (others)
  2 humans (Lair:5)
  3 slaves (D:5)
  A bullfrog (Lair:5)
  An orc priest (D:5)
  An iguana (D:6)
  A worker ant zombie (D:5)
  2 orcs (D:5)
  2 jackals (D:5)
  2 bushes
  21 fungi
  36 plants
72 creatures vanquished.

Grand Total: 948 creatures vanquished

Notes
Turn   | Place    | Note
-------+----------+-------------------------------------------
     0 | D:1      | Yawgmoth the Naga Wizard began the quest for the Orb.
     0 | D:1      | Reached XP level 1. HP: 15/15 MP: 4/4
   340 | D:1      | HP: 2/15 [giant cockroach (2)]
   342 | D:1      | Reached XP level 2. HP: 2/22 MP: 0/6
  1202 | D:1      | Reached skill level 2 in Dodging
  1427 | D:1      | Reached XP level 3. HP: 28/28 MP: 4/7
  2006 | D:2      | Found a hide-covered altar of Uskayaw.
  2007 | D:2      | Noticed Natasha
  2010 | D:2      | Reached skill level 2 in Conjurations
  2016 | D:2      | Killed Natasha
  2016 | D:2      | Reached XP level 4. HP: 18/36 MP: 1/9
  2074 | D:2      | Noticed Natasha
  2084 | D:1      | HP: 6/36 [Natasha (7)]
  2086 | D:1      | Killed Natasha
  2520 | D:2      | Reached skill level 4 in Spellcasting
  2520 | D:2      | Reached XP level 5. HP: 36/42 MP: 4/11
  2703 | D:2      | Reached skill level 3 in Conjurations
  3403 | D:3      | Found an opulent altar of Gozag.
  3404 | D:3      | Found Gozag's Platinum Reserve.
  3570 | D:3      | Learned a level 3 spell: Mephitic Cloud
  3573 | D:3      | Learned a level 2 spell: Blink
  3744 | D:4      | Noticed a phantom
  3892 | D:4      | Reached XP level 6. HP: 34/49 MP: 2/12
  3991 | D:4      | Found Fonakoiq's Book Emporium.
  4067 | D:4      | Reached skill level 4 in Conjurations
  4385 | D:4      | Killed a phantom
  4385 | D:4      | Reached skill level 5 in Spellcasting
  4705 | D:4      | Reached XP level 7. HP: 55/55 MP: 9/14
  4954 | D:4      | Noticed Sigmund
  5177 | D:4      | Reached skill level 5 in Conjurations
  5216 | D:4      | Killed Sigmund
  5216 | D:4      | Reached skill level 2 in Shields
  5409 | D:5      | Entered Level 5 of the Dungeon
  5424 | D:5      | Noticed Pikel
  5449 | D:5      | Killed Pikel
  5449 | D:5      | Reached skill level 2 in Fighting
  5449 | D:5      | Reached skill level 6 in Spellcasting
  5449 | D:5      | Reached XP level 8. HP: 32/68 MP: 0/17
  5641 | D:5      | Reached skill level 6 in Conjurations
  5769 | D:5      | Found a glowing golden altar of the Shining One.
  5772 | D:5      | Found a shimmering altar of Xom.
  5798 | D:5      | Reached skill level 3 in Fighting
  6435 | D:5      | Reached XP level 9. HP: 78/78 MP: 15/19
  6460 | D:5      | Found a bloodstained altar of Trog.
  6468 | D:5      | Noticed Duvessa
  6474 | D:5      | Noticed Dowan
  6481 | D:5      | Killed Dowan
  6481 | D:5      | Reached skill level 4 in Fighting
  6895 | D:5      | Killed Duvessa
  6895 | D:5      | Reached skill level 7 in Spellcasting
  7093 | D:5      | Found a runed door.
  7165 | D:5      | Noticed Crazy Yiuf
  7170 | D:5      | Killed Crazy Yiuf
  7386 | D:6      | Reached skill level 7 in Conjurations
  7485 | D:6      | Reached skill level 1 in Staves
  7552 | D:6      | Reached skill level 2 in Staves
  7724 | D:6      | Found a stormy altar of Qazlal.
  7858 | D:6      | Reached skill level 3 in Staves
  8211 | D:7      | Reached skill level 4 in Staves
  8274 | D:7      | Reached skill level 5 in Staves
  8448 | D:7      | Found a staircase to the Ecumenical Temple.
  8463 | Temple   | Entered the Ecumenical Temple
  8540 | Temple   | Became a worshipper of Vehumet
  8750 | D:7      | Found Socwud's General Store.
  9199 | D:8      | Reached skill level 6 in Staves
  9271 | D:8      | Reached skill level 7 in Staves
  9271 | D:8      | Reached XP level 10. HP: 79/87 MP: 13/20
  9339 | D:8      | Noticed a two-headed ogre
  9340 | D:8      | Noticed a two-headed ogre
  9358 | D:8      | Reached * piety under Vehumet
  9358 | D:8      | Offered knowledge of Flame Tongue by Vehumet.
  9397 | D:8      | Got a steaming quarterstaff
  9398 | D:8      | Identified the +11 quarterstaff "Killer Klown's Foe" {crush, rC++ Dex+3 SInv} (You found it on level 8 of the Dungeon)
  9436 | D:8      | Found Kefuh's Food Boutique.
  9448 | D:8      | Reached skill level 8 in Staves
 10042 | D:8      | Found a roughly hewn altar of Beogh.
 10051 | D:8      | Killed a two-headed ogre
 10051 | D:8      | Reached skill level 9 in Staves
 10054 | D:8      | Offered knowledge of Throw Frost by Vehumet.
 10059 | D:8      | Reached ** piety under Vehumet
 10195 | D:8      | Learned a level 1 spell: Summon Butterflies
 10288 | D:8      | Killed a two-headed ogre
 10288 | D:8      | Reached skill level 10 in Staves
 10516 | D:4      | Learned a level 3 spell: Conjure Flame
 10819 | D:9      | Found a burning altar of Makhleb.
 11160 | D:9      | Noticed a two-headed ogre
 11163 | D:9      | Killed a two-headed ogre
 11165 | D:9      | Reached skill level 11 in Staves
 11198 | D:9      | Found a staircase to the Orcish Mines.
 11285 | D:9      | Reached XP level 11. HP: 91/93 MP: 21/21
 11351 | D:9      | Paralysed by a hornet for 1 turns
 12012 | D:9      | Offered knowledge of Throw Flame by Vehumet.
 12046 | D:10     | Entered Level 10 of the Dungeon
 12071 | D:10     | Noticed an unseen horror
 12077 | D:10     | Killed an unseen horror
 12203 | D:10     | Reached skill level 12 in Staves
 12461 | D:10     | Noticed Psyche
 12476 | D:10     | Killed Psyche
 12517 | D:10     | Noticed an eight-headed hydra
 12542 | D:10     | HP: 14/93 [eight-headed hydra (12)]
 12544 | D:10     | Killed an eight-headed hydra
 12975 | D:10     | Found a staircase to the Lair.
 12980 | D:10     | Reached *** piety under Vehumet
 13230 | D:4      | Bought a book of Geomancy for 420 gold pieces
 13234 | D:4      | Learned a level 3 spell: Stone Arrow
 13237 | D:4      | Learned a level 2 spell: Passwall
 13412 | Lair:1   | Entered Level 1 of the Lair of Beasts
 13428 | Lair:1   | Reached skill level 13 in Staves
 13913 | Lair:1   | Offered knowledge of Inner Flame by Vehumet.
 14660 | Lair:2   | Reached skill level 14 in Staves
 14695 | Lair:2   | Reached XP level 12. HP: 60/100 MP: 4/22
 14703 | Lair:2   | Noticed Urug
 14708 | Lair:1   | HP: 25/100 [poisoned by a water moccasin]
 14713 | Lair:1   | HP: 24/100 [poisoned by a water moccasin]
 14720 | Lair:1   | HP: 22/100 [poisoned by a water moccasin]
 14727 | Lair:1   | HP: 22/100 [poisoned by a water moccasin]
 14735 | Lair:1   | HP: 22/100 [poisoned by a water moccasin]
 15072 | Lair:2   | Reached skill level 1 in Fire Magic
 15072 | Lair:2   | Reached skill level 1 in Earth Magic
 15200 | Lair:2   | Reached skill level 5 in Fighting
 15420 | Lair:2   | Killed Urug
 15420 | Lair:2   | Reached skill level 2 in Fire Magic
 15420 | Lair:2   | Reached skill level 2 in Earth Magic
 15736 | Lair:2   | Found an ornate altar of the Wu Jian Council.
 16744 | Lair:2   | Learned a level 5 spell: Lee's Rapid Deconstruction
 16781 | Lair:3   | Noticed an eight-headed hydra
 16790 | Lair:3   | Killed an eight-headed hydra
 16790 | Lair:3   | Reached skill level 3 in Fire Magic
 16790 | Lair:3   | Reached skill level 3 in Earth Magic
 17202 | Lair:3   | Reached skill level 8 in Conjurations
 17211 | Lair:3   | Reached **** piety under Vehumet
 17459 | Lair:3   | Offered knowledge of Iskenderun's Battlesphere by Vehumet.
 17459 | Lair:3   | Reached skill level 8 in Spellcasting
 17471 | Lair:3   | Reached skill level 6 in Fighting
 17480 | Lair:3   | Noticed a four-headed hydra
 17486 | Lair:3   | Killed a four-headed hydra
 17582 | Lair:3   | Reached skill level 4 in Fire Magic
 17582 | Lair:3   | Reached skill level 4 in Earth Magic
 18496 | Lair:4   | Noticed a death yak
 18497 | Lair:4   | Noticed a death yak
 18497 | Lair:4   | Noticed a death yak
 18726 | Lair:4   | Gained mutation: You can use your snake-like lower body to constrict enemies. [Naga growth]
 18726 | Lair:4   | Reached XP level 13. HP: 112/112 MP: 22/25
 18831 | Lair:4   | Found a hole to the Spider Nest.
 18938 | Lair:4   | Found a staircase to the Swamp.
 18996 | Lair:4   | Reached skill level 5 in Fire Magic
 18996 | Lair:4   | Reached skill level 5 in Earth Magic
 19000 | Lair:4   | Reached skill level 7 in Fighting
 19371 | Lair:4   | Reached skill level 9 in Conjurations
 20145 | Lair:5   | Noticed Kirke
 20338 | Lair:5   | Reached skill level 9 in Spellcasting
 20345 | Lair:5   | Reached ***** piety under Vehumet
 20345 | Lair:5   | Offered knowledge of Spellforged Servitor by Vehumet.
 20502 | Lair:5   | Killed Kirke
 20502 | Lair:5   | Reached skill level 6 in Fire Magic
 20502 | Lair:5   | Reached skill level 6 in Earth Magic
 20536 | Lair:5   | Found a staircase to the Slime Pits.
 21157 | Lair:5   | Reached skill level 8 in Fighting
 21551 | Lair:6   | Entered Level 6 of the Lair of Beasts
 21786 | Lair:6   | Reached XP level 14. HP: 126/126 MP: 16/27
 21909 | Lair:6   | Found a runed door.
 22096 | Lair:6   | Reached skill level 10 in Conjurations
 22401 | Lair:6   | Reached skill level 7 in Earth Magic
 22442 | Lair:6   | Reached skill level 7 in Fire Magic
 23336 | Lair:6   | HP: 26/127 [death yak (19)]
 23344 | Lair:5   | HP: 25/127 [death yak (18)]
 23641 | Lair:5   | Reached skill level 9 in Fighting
 23641 | Lair:5   | Reached skill level 10 in Spellcasting
 24108 | Lair:6   | Learned a level 5 spell: Fireball
 25813 | Lair:6   | Reached skill level 8 in Fire Magic
 26192 | D:11     | Offered knowledge of Sticky Flame by Vehumet.
 27082 | D:11     | Reached skill level 11 in Conjurations
 27286 | D:12     | Reached XP level 15. HP: 120/135 MP: 29/29
 28047 | D:12     | Found the +7 Singing Sword
 28334 | D:13     | Offered knowledge of Irradiate by Vehumet.
 28430 | D:13     | Reached skill level 11 in Spellcasting
 28704 | D:13     | Reached skill level 9 in Fire Magic
 28824 | D:13     | Found Gengeomn's Jewellery Boutique.
 28943 | D:13     | Found a gate to the Vaults.
 30437 | D:14     | HP: 34/136 [vampire knight/battleaxe of chopping (2)]
 30988 | D:13     | HP: 34/138 [poisoned by a green ugly thing]
 30994 | D:13     | HP: 32/138 [poisoned by a green ugly thing]
 31001 | D:13     | HP: 31/138 [poisoned by a green ugly thing]
 31008 | D:13     | HP: 32/138 [poisoned by a green ugly thing]
 31016 | D:13     | HP: 32/138 [poisoned by a green ugly thing]
 32092 | D:15     | Entered Level 15 of the Dungeon
 32438 | D:15     | Reached skill level 10 in Fighting
 32636 | D:15     | Offered knowledge of Poison Arrow by Vehumet.
 33256 | D:15     | Found a portal to a secret trove of treasure.
 33827 | D:15     | Found a staircase to the Depths.
 33846 | D:15     | Got a bound lapis lazuli ring
 34257 | D:15     | Identified the ring "Fucacro" {rN+ MR+} (You found it on level 15 of the Dungeon)
 34409 | D:15     | Reached skill level 12 in Conjurations
 34558 | D:15     | Reached skill level 10 in Fire Magic
 35500 | Orc:1    | Entered Level 1 of the Orcish Mines
 35500 | Orc:1    | Noticed Josephine
 35500 | Orc:1    | Noticed Harold
 35509 | Orc:1    | Killed Josephine
 35537 | Orc:1    | Killed Harold
 35545 | Orc:1    | HP: 31/140 [orc priest/nerve-wracking pain[an orc knight] (11)]
 35607 | Orc:1    | Paralysed by an orc sorcerer for 3 turns
 35631 | Orc:1    | Found a dark tunnel.
 35733 | Volcano  | Entered a volcano
 36073 | Volcano  | Found a radiant altar of Vehumet.
 36080 | Volcano  | Reached XP level 16. HP: 138/148 MP: 16/31
 36684 | D:4      | Bought a book of Annihilations for 1324 gold pieces
 36694 | D:4      | Learned a level 9 spell: Fire Storm
 36911 | Orc:1    | Noticed Fannar
 36914 | Orc:1    | Killed Fannar
 37241 | Orc:1    | Reached skill level 12 in Spellcasting
 37707 | Orc:2    | Entered Level 2 of the Orcish Mines
 37707 | Orc:2    | Found a staircase to the Elven Halls.
 37782 | Orc:2    | Found Gepnikke's Food Boutique.
 37869 | Orc:2    | Noticed Stelteck's ghost (journeyman CeHu)
 37887 | Orc:2    | Killed Stelteck's ghost
 38180 | Orc:2    | Noticed Donald
 38184 | Orc:2    | Killed Donald
 38363 | Orc:2    | HP: 33/148 [soul eater/drain life[an orc high priest] (9)]
 38377 | Orc:2    | HP: 28/148 [orc high priest/divine providence (10)]
 38740 | Orc:2    | Offered knowledge of Iron Shot by Vehumet.
 38748 | Orc:2    | Learned a level 6 spell: Iron Shot
 38821 | Orc:2    | Reached ****** piety under Vehumet
 38885 | Orc:2    | HP: 27/148 [orc warrior/halberd of distortion (14)]
 39446 | Orc:2    | Reached skill level 11 in Fire Magic
 40070 | Orc:2    | Noticed Snorg
 40073 | Orc:2    | Killed Snorg
 40266 | Orc:2    | Reached skill level 13 in Conjurations
 40582 | Orc:2    | Found Wijisiuf's Distillery.
 40582 | Orc:2    | Found Exzecw's Distillery.
 40583 | Orc:2    | Found Doggoal's Jewellery Shoppe.
 40583 | Orc:2    | Found Ycvoriqim's Food Emporium.
 40601 | Orc:2    | Bought a +6 ring of intelligence for 819 gold pieces
 40607 | Orc:2    | Bought 2 potions of haste for 260 gold pieces
 40755 | Elf:1    | Entered Level 1 of the Elven Halls
 40929 | Orc:2    | HP: 37/148 [halberd of chopping (3)]
 40933 | Orc:2    | HP: 17/148 [halberd of chopping (4)]
 41903 | Swamp:1  | Entered Level 1 of the Swamp
 42208 | Swamp:1  | Offered knowledge of Orb of Destruction by Vehumet.
 42220 | Swamp:1  | Learned a level 7 spell: Orb of Destruction
 42422 | Swamp:1  | Noticed Louise
 42458 | Swamp:1  | Cast into level 3 of the Abyss (Louise)
 42459 | Abyss:3  | Noticed a deep elf blademaster
 42462 | Abyss:3  | Noticed a thorn hunter
 42465 | Abyss:3  | HP: 34/148 [rakshasa/long sword (20)]
 42465 | Abyss:3  | HP: 12/148 [water nymph/the raging water (8)]
 42466 | Abyss:3  | Slain by a rakshasa

Skill      XL: |  1  2  3  4  5  6  7  8  9 10 11 12 13 14 15 16 |
---------------+-------------------------------------------------+-----
Dodging        | 2 |  2.3
Conjurations   | 2 3 4 5 6 7 8 9 11 12 13 | 13.3
Spellcasting   | 4 5 6 7 8 9 10 11 12 | 12.7
Shields        | 2 |  2.7
Fighting       | 2 3 4 6 8 9 10 | 10.6
Staves         | 7 11 14 | 14.0
Fire Magic     | 4 6 8 10 11 | 11.6
Earth Magic    | 4 6 7 |  7.4
Stealth        | |  3.5
Summonings     | |  1.0
Translocations | |  1.0

Action                   |  1- 3 |  4- 6 |  7- 9 | 10-12 | 13-15 | 16-18 || total
-------------------------+-------+-------+-------+-------+-------+-------++-------
Melee: Dagger            |    16 |     1 |       |       |       |       ||    17
       Morningstar       |       |     6 |     2 |       |       |       ||     8
       Whip              |       |       |     3 |       |       |       ||     3
       Quarterstaff      |       |       |   146 |   456 |   316 |   247 ||  1165
       Constrict         |       |       |       |       |    50 |    50 ||   100
 Cast: Magic Dart        |    76 |   175 |   220 |    83 |    31 |       ||   585
       Mephitic Cloud    |       |     1 |    21 |    38 |     5 |       ||    65
       Blink             |       |       |     1 |     6 |     8 |     2 ||    17
       Stone Arrow       |       |       |       |   120 |   787 |    76 ||   983
       Lee's Rapid Decon |       |       |       |       |    11 |     7 ||    18
       Fireball          |       |       |       |       |    66 |    62 ||   128
       Passwall          |       |       |       |       |     4 |     3 ||     7
       Iron Shot         |       |       |       |       |       |    48 ||    48
       Orb of Destructio |       |       |       |       |       |     4 ||     4
 Abil: Spit Poison       |    13 |     9 |    35 |    11 |     2 |     1 ||    71
Evoke: Wand              |       |       |       |       |    14 |     4 ||    18
       Lightning rod     |       |       |       |       |     1 |       ||     1
  Use: Scroll            |     1 |       |     7 |    20 |    23 |     3 ||    54
       Potion            |       |       |       |     4 |     9 |     7 ||    20
 Stab: Petrified         |       |       |     3 |       |       |       ||     3
       Confused          |       |       |     2 |    21 |     7 |       ||    30
       Sleeping          |       |       |     2 |     4 |       |       ||     6
       Petrifying        |       |       |     1 |       |       |       ||     1
       Distracted        |       |       |       |     2 |       |       ||     2
       Paralysed         |       |       |       |     2 |       |       ||     2
  Eat: Chunk             |     2 |     2 |     3 |    12 |    45 |    26 ||    90
       Ration            |       |     2 |     3 |     4 |     5 |       ||    14
Armor: Robe              |     4 |     9 |    84 |   188 |   265 |    81 ||   631
Dodge: Dodged            |    16 |    20 |   102 |   188 |   236 |    96 ||   658
Block: Buckler           |       |       |    11 |       |       |       ||    11

Vault maps used:
D:1:      kennysheep_arrival_seaside, serial_forest,
          infiniplex_forest_clump_small, infiniplex_forest_straight_4,
          infiniplex_forest_lined_ring, infiniplex_forest_corner_2,
          infiniplex_forest_straight_3, infiniplex_forest_split,
          infiniplex_forest_clump_large
D:2:      eat_drink_and_be_merry_uskayaw, minmay_pentomino_t2, uniq_natasha
D:3:      first_ration, minivault_4, minmay_misc_feat_four_crosses,
          nicolae_gozag_zags_fifth_avenue
D:4:      serial_shops, shop_fountains, uniq_sigmund
D:5:      nicolae_overflow_hidden_temple, uniq_duvessa, uniq_crazy_yiuf_cottage,
          uniq_pikel
D:6:      grunt_qazlal_clouds
D:7:      temple_pool_b, serial_shops, shop
D:8:      special_room, serial_shops, shop, solitary_fountain
D:9:      orc_0_dummy, basic_altar
D:10:     grunt_lair_entry_orc_guard_hut, uniq_psyche
D:11:     hangedman_ranch
D:12:     old_forge
D:13:     david_vaults_5, serial_shops, shop
D:14:     hangedman_decor_riveting, stair_cage_cross, minmay_evil_grid
D:15:     hangedman_depths_entry_try_elsewhere_first,
          nicolae_trove_entry_crossroad, serial_park_square2,
          minmay_rotating_lava
Temple:   dpeg_five_rooms_temple
Lair:2:   lemuel_centaur_altar, uniq_urug
Lair:3:   nzn_random_ring, serial_bayou_shore_a
Lair:4:   swamp_mist_pool, nicolae_spider_entry_orb_guardian
Lair:5:   minmay_slime_entry_pillars, hibernation_bobbens, grunt_megastairs_3,
          uniq_kirke
Lair:6:   guppyfry_lair_end_dragon, wormcave, lemuel_fruit_fields
Swamp:1:  evilmike_swamp_ruin_house_5, uniq_louise
Orc:1:    cheibrodos_orc_bank, enter_volcano_1, nicolae_orc_pool_cavern,
          uniq_fannar, uniq_josephine, uniq_harold
Orc:2:    st_orc_pillars, serial_shops, nicolae_shop_crystal, uniq_donald,
          uniq_snorg
Elf:1:    serial_shops, shop, shop, basic_altar, minmay_elf_sorcery
Abyss:3:  grunt_abyss_rune_forest_and_sorcery, hangedman_abyss_theft
Volcano:  volcano_lake

Table legend:
 A = Turns spent in this place as a percentage of turns spent in the entire game.
 B = Non-inter-level travel turns spent in this place as a percentage of non-inter-level travel turns spent in the entire game.
 C = Inter-level travel turns spent in this place as a percentage of turns spent in this place.
 D = Turns resting spent in this place as a percentage of non-inter-level travel turns spent in this place.
 E = Turns spent auto-exploring this place as a percentage of non-inter-level travel turns spent in this place.
 F = Non-inter-level travel turns spent in this place divided by the number of levels of this place that you've seen.
                   A       B       C       D       E      F
               +-------+-------+-------+-------+-------+----------------------
         Total | 100.0 | 100.0 |   7.0 |  45.0 |  34.8 | 1411.1
       Dungeon |  54.1 |  53.4 |   8.3 |  40.7 |  40.9 | 1405.7
        Temple |   0.6 |   0.5 |  19.2 |   0.0 |  93.1 | 202.0
          Lair |  30.1 |  30.3 |   6.4 |  47.2 |  31.8 | 1994.0
         Swamp |   1.3 |   1.4 |   0.2 |  67.7 |   9.0 | 554.0
  Orcish Mines |  12.1 |  12.5 |   3.4 |  55.5 |  22.0 | 2471.0
   Elven Halls |   0.1 |   0.1 |   0.0 |   0.0 |   0.0 |  25.0
         Abyss |   0.0 |   0.0 |   0.0 |   0.0 |   0.0 |   8.0
       Volcano |   1.7 |   1.9 |   0.0 |  61.6 |   0.0 | 732.0
               +-------+-------+-------+-------+-------+----------------------

Table legend:
 A = Kills in this place as a percentage of kills in entire the game.
 B = Kills by you in this place as a percentage of kills by you in the entire game.
 C = Kills by friends in this place as a percentage of kills by friends in the entire game.
 D = Other kills in this place as a percentage of other kills in the entire game.
 E = Experience gained in this place as a percentage of experience gained in the entire game.
 F = Experience gained in this place divided by the number of levels of this place that you have seen.
                   A       B       C       D       E      F
               +-------+-------+-------+-------+-------+----------------------
         Total | 100.0 | 100.0 |   N/A | 100.0 | 100.0 | 5927.4
       Dungeon |  51.3 |  51.0 |   N/A |  70.0 |  35.3 | 3902.7
          Lair |  24.9 |  24.9 |   N/A |  30.0 |  38.3 | 10594.3
         Swamp |   2.3 |   2.3 |   N/A |   0.0 |   3.3 | 5485.0
  Orcish Mines |  19.4 |  19.7 |   N/A |   0.0 |  18.7 | 15482.0
   Elven Halls |   0.6 |   0.6 |   N/A |   0.0 |   2.1 | 3487.0
       Volcano |   1.5 |   1.5 |   N/A |   0.0 |   2.4 | 3924.0
               +-------+-------+-------+-------+-------+----------------------
